 Dungeon Crawl Stone Soup version 0.24.0-13-gcf9b3192b9 (console) character file.

Game seed: 16933496464143620223, levelgen mode: deterministic

18 AlterAsc the Insei (level 2, -2/14 HPs)
             Began as a Vine Stalker Transmuter on Nov 9, 2019.
             Slain by a worm (7 damage)
             ... on level 2 of the Dungeon.
             The game lasted 00:01:21 (832 turns).

AlterAsc the Insei (Vine Stalker Transmuter)         Turns: 832, Time: 00:01:22

Health: -2/14      AC:  3    Str: 12    XL:     2   Next: 70%
Magic:  0/6        EV: 12    Int: 13    God:
Gold:   66         SH:  0    Dex: 14    Spells: 4/5 levels left

rFire    . . .     SeeInvis .     - Unarmed
rCold    . . .     Gourm    .   (no shield)
rNeg     . . .     Faith    .   b - +0 robe
rPois    .         Spirit   +   c - +0 helmet
rElec    .         Reflect  .   (no cloak)
rCorr    .         Harm     .   (no gloves)
MR       .....                  (no boots)
Stlth    +.........             (no amulet)
HPRegen  0.04/turn              (no ring)
MPRegen  0.10/turn              (no ring)

@: very slightly contaminated
A: fangs 2, magic shield, antimagic bite, no potion heal 3, rot immunity
a: no special abilities


You were on level 2 of the Dungeon.
You were not hungry.

You visited 1 branch of the dungeon, and saw 2 of its levels.

You collected 66 gold pieces.

Inventory:

Missiles
 a - 12 arrows
Armour
 b - a +0 robe (worn)
 c - a +0 helmet (worn)
Scrolls
 h - a scroll of fear {unknown}
 i - a scroll of fog {unknown}
Potions
 e - a potion of invisibility {unknown}
 f - a potion of flight {unknown}
Comestibles
 d - 3 rations


   Skills:
 + Level 1.2 Fighting
 - Level 1.7 Dodging
 * Level 3.2 Unarmed Combat
 + Level 2.4 Spellcasting
 + Level 2.2 Transmutations


You had 4 spell levels left.
You knew the following spells:

 Your Spells              Type           Power        Failure   Level  Hunger
a - Beastly Appendage     Tmut           #.....       10%         1    #......

Your spell library contained the following spells:

 Spells                   Type           Power        Failure   Level  Hunger
 Sticks to Snakes         Tmut           #.......     14%         2    ###....
 Spider Form              Tmut/Pois      #.........   43%         3    ###....
 Ice Form                 Ice/Tmut       #.......     83%         4    #####..
 Blade Hands              Tmut           #.........   95%         5    ######.


Dungeon Overview and Level Annotations

Branches:
Dungeon (2/15)

Altars:


Innate Abilities, Weirdness & Mutations

You have extremely sharp teeth.
When hurt, damage is shared between your health and your magic reserves.
Your bite disrupts and absorbs the magic of your enemies.
Potions cannot restore your health.
You are immune to rotting.


Message History

You closely miss the giant cockroach.
The giant cockroach is heavily wounded.
The giant cockroach barely misses you. The worm barely misses you.
You closely miss the giant cockroach.
You bite the giant cockroach, but do no damage.
The giant cockroach is heavily wounded.
The giant cockroach bites you.
You closely miss the giant cockroach.
The giant cockroach is heavily wounded.
The giant cockroach barely misses you. The worm bites you!
Ouch! That really hurt!
You hit the giant cockroach.
You bite the giant cockroach, but do no damage.
The giant cockroach is almost dead.
The giant cockroach bites you but does no damage.
You hit the worm.
The worm is moderately wounded.
The giant cockroach barely misses you. The worm bites you!
Ouch! That really hurt!
You die...

#.# ..#
..#
...#
######
...#
#....#
....#
#!...#
#..w.#
#..@s#
#....#
#....#
#....#
#....#
......
##....#
......


You could see a worm and a giant cockroach.

Vanquished Creatures
  A dart slug (D:1)
  A goblin (D:1)
  5 hobgoblins (D:1)
  4 bats (D:1)
  A frilled lizard (D:1)
  2 kobolds
  3 rats (D:1)
17 creatures vanquished.

Notes
Turn   | Place    | Note
-------+----------+-------------------------------------------
     0 | D:1      | AlterAsc the Vine Stalker Transmuter began the quest for
                  | the Orb.
     0 | D:1      | Reached XP level 1. HP: 9/9 MP: 4/4
    86 | D:1      | Reached skill level 1 in Fighting
   160 | D:1      | Reached XP level 2. HP: 6/14 MP: 3/6
   832 | D:2      | Slain by a worm

Levels and vault maps discovered:
D:1:      saegor_arrival_simple_a, layout_loops_ring
D:2:      layout_basic

Skill      XL: |  1 |
---------------+----+-----
Fighting       | 1 |  1.2
Dodging        | |  1.7
Unarmed Combat | |  3.2
Spellcasting   | |  2.4
Transmutations | |  2.2

Action                   || total
-------------------------++-------
Melee: Unarmed           ||    42
       Bite              ||     9
       Kick              ||     7
 Cast: Beastly Appendage ||    15
 Stab: Sleeping          ||     2
Armor: Robe              ||    16
Dodge: Dodged            ||    25
